 Dungeon Crawl Stone Soup version 0.28-a0-1524-ge72afd5fc6 (webtiles) character file.

Game seed: 7090244278346584673

74 Pin the Sneak (level 4, 0/28 HPs)
             Began as an Octopode Transmuter on Jan 17, 2022.
             Killed by divine providence
             ... invoked by an orc priest
              (15 damage)
             ... on level 3 of the Dungeon.
             The game lasted 00:05:33 (2900 turns).

Pin the Sneak (Octopode Transmuter)                 Turns: 2900, Time: 00:05:33

Health: 0/28       AC:  1    Str:  9    XL:     4   Next: 30%
Magic:  7/7        EV: 13    Int: 15    God:
Gold:   50         SH:  0    Dex: 14    Spells: 6/7 levels left

rFire   . . .      SeeInvis .     - Unarmed
rCold   . . .      Faith    .   (no shield)
rNeg    . . .      Spirit   .   (helmet restricted)
rPois   .          Reflect  .   (no amulet)
rElec   .          Harm     .   (no ring)
rCorr   .          Rampage  .   (no ring)
Will    .....                   (no ring)
Stlth   +++.......              (no ring)
HPRegen 0.09/turn               (no ring)
MPRegen 0.10/turn               (no ring)
                                (no ring)
                                (no ring)

@: weak-willed
A: almost no armour, amphibious, 8 rings, camouflage 1, gelatinous body 1,
(nimble swimmer 1), tentacles
a: no special abilities


You were on level 3 of the Dungeon.
You visited 1 branch of the dungeon, and saw 3 of its levels.

You collected 50 gold pieces.

Inventory:

Potions
 a - a potion of attraction {unknown}
 f - 2 potions of lignification {unknown}
 g - a potion of flight {unknown}


   Skills:
 - Level 1.0 Fighting
 - Level 2.0 Dodging
 - Level 3.6 Stealth
 - Level 0.2 Shields
 + Level 3.0 Unarmed Combat
 + Level 2.0 Spellcasting
 + Level 3.3 Transmutations


You had 6 spell levels left.
You knew the following spells:

 Your Spells              Type           Power      Damage    Failure   Level
a - Beastly Appendage     Tmut           22%        N/A       5%          1

Your spell library contained the following spells:

 Spells                   Type           Power      Damage    Failure   Level
 Wereblood                Tmut           11%        N/A       9%          2
 Slow                     Hex            4%         N/A       22%         1
 Spider Form              Tmut/Pois      6%         N/A       32%         3
 Confusing Touch          Hex            1%         N/A       54%         3
 Ozocubu's Armour         Ice            1%         N/A       54%         3
 Vampiric Draining        Necr           1%         2d6       54%         3
 Ice Form                 Ice/Tmut       6%         N/A       73%         4
 Metabolic Englaciation   Hex/Ice        0%         N/A       99%         5
 Simulacrum               Ice/Necr       0%         N/A       100%        6


Dungeon Overview and Level Annotations

Branches:
Dungeon (3/15)

Altars:

Annotations:
D:3 Grinder


Innate Abilities, Weirdness & Mutations

You cannot wear most types of armour.
You are amphibious.
You can wear up to eight rings at the same time.
Your skin changes colour to match your surroundings (Stealth+).
Your rubbery body absorbs attacks. (AC +1, EV +1)
((You are camouflaged when in or above water. (Stealth+)))
You have tentacles for arms and can constrict up to eight enemies at once.


Message History

Found an escape hatch in the floor.
Okay, then.
You start removing your armour.
You continue taking off your +0 tower shield. x4
You finish taking off your +0 tower shield.
You drop a +0 tower shield.
As you read the scroll labelled FUOCA NUXY, it crumbles to dust.
Magic quickly surges around you.
It was a scroll of vulnerability.
As you read the scroll labelled UCUAGH XAXUESM, it crumbles to dust.
It is a scroll of enchant weapon.
You aren't carrying any weapons that can be enchanted.
As you read the scroll labelled JECORE RIOTT, it crumbles to dust.
The air around you briefly surges with heat, but it dissipates.
It was a scroll of immolation.
As you read the scroll labelled TEATIM LUMAUCI, it crumbles to dust.
The scroll dissolves into smoke.
It was a scroll of fog.
Grinder comes into view.
You see here a +0 tower shield.
An orc priest comes into view. It is wielding a +0 dagger.
An orc wizard comes into view. It is wielding a +0 dagger.
The orc priest moves out of view.
You see here a +0 tower shield.
An orc comes into view. It is wielding a +0 whip.
Grinder shouts!
The orc priest shouts!
You hear a shout! x2
You see here a +0 tower shield.
Grinder gestures at you.
You suddenly lose the ability to move!
You can move again.
Grinder gestures at you.
You struggle to resist.
The orc priest invokes the aid of Beogh against you.
Beogh smites you!
Grinder blinks!
Grinder gestures at you. Pain shoots through your body!
Grinder blinks!
The orc priest calls down the wrath of Beogh upon you.
Beogh smites you!
Ouch! That really hurt!
You die...

.##.### ########.#
.<.... ####.#### ..#.#
########.......# ....##
#.....##.##.##.#
.....###.....##.##.##.#
.......§.o...##.##..#.#
§......#.....##.###.#.#
..(....#............#.#
.......###.####.@>....#
...........# ####.####
......###..##### #.#
....#.#........# #.#
.####.#.#..###.# #†# .#
#......# #.###.#
.######.##.###.....#
......†.##....)....#
##########..########


You could see an orc priest.

Vanquished Creatures
  3 adders
  A dart slug (D:2)
  2 bats
  3 endoplasms
  3 goblins
  7 hobgoblins
  6 jackals
  4 kobolds
  2 quokkas (D:1)
  2 ball pythons (D:2)
  3 frilled lizards
  A kobold skeleton (D:3)
  6 rats
43 creatures vanquished.

Notes
Turn   | Place    | Note
-------+----------+-------------------------------------------
     0 | D:1      | Pin the Octopode Transmuter began the quest for the Orb.
     0 | D:1      | Reached XP level 1. HP: 13/13 MP: 3/3
    28 | D:1      | Reached skill level 1 in Stealth
    86 | D:1      | Reached XP level 2. HP: 18/18 MP: 5/5
  1114 | D:2      | Reached XP level 3. HP: 7/23 MP: 6/6
  2467 | D:2      | Reached XP level 4. HP: 22/28 MP: 7/7
  2857 | D:3      | Noticed Grinder
  2883 | D:3      | Paralysed by Grinder for 2 turns
  2900 | D:3      | Killed from afar by an orc priest

Illustrated notes

Levels and vault maps discovered:
D:1:      heliophobic_arrival_battle_scene, layout_basic
D:2:      layout_loops_cross
D:3:      layout_loops_cross, nicolae_tso_besieged_by_evil,
          jmf_multi_god_temple, dreamdust_ecumenical_altar_drowned_temple,
          uniq_grinder, uniq_sigmund

Skill      XL: |  1  2  3 |
---------------+----------+-----
Stealth        | 1 2 3 |  3.6
Transmutations | 3 |  3.3
Fighting       | |  1.0
Dodging        | |  2.0
Shields        | |  0.2
Unarmed Combat | |  3.0
Spellcasting   | |  2.0

Action                   |  1- 3 |  4- 6 || total
-------------------------+-------+-------++-------
Melee: Unarmed           |    29 |     2 ||    31
       Constrict         |    22 |     2 ||    24
       Tentacles         |    19 |     2 ||    21
       Punch             |     4 |     1 ||     5
       Dagger            |    63 |     2 ||    65
  Use: Scroll            |       |     4 ||     4
 Stab: Sleeping          |    10 |     1 ||    11
Armor: Skin              |     4 |       ||     4
Dodge: Dodged            |    65 |     1 ||    66

Table legend: (Time is in decaauts)
 A = Elapsed time spent in this place.
 B = Non-inter-level travel time spent in this place.
 C = Inter-level travel time spent in this place.
 D = Time resting spent in this place.
 E = Time spent auto-exploring this place.
 F = Levels seen in this place.
 G = Mean time per level.
                   A        B        C        D        E       F      G
               +--------+--------+--------+--------+--------+-----+--------+
         Total |   2897 |   2869 |     28 |   1357 |   1092 |   3 |  965.7 |
       Dungeon |   2897 |   2869 |     28 |   1357 |   1092 |   3 |  965.7 |
               +--------+--------+--------+--------+--------+-----+--------+

Top non-repeatable levels by time:
     D:2: 1593 daAuts
     D:1: 1080 daAuts
     D:3: 222 daAuts
